 Dungeon Crawl Stone Soup version 0.27-a0-1281-ge233d83751 (webtiles) character file.

Game seed: 4670996721168398958

74 freelancePsychic the Sneak (level 4, 0/24 HPs)
             Began as a Vampire Enchanter on June 13, 2021.
             Killed by divine providence
             ... invoked by an orc priest
              (13 damage)
             ... on level 3 of the Dungeon.
             The game lasted 00:05:54 (1997 turns).

freelancePsychic the Sneak (Vampire Enchanter)      Turns: 1997, Time: 00:05:55

Health: 0/24       AC:  2    Str:  7    XL:     4   Next: 9%
Magic:  3/7        EV: 12    Int: 18    God:
Gold:   84         SH:  0    Dex: 14    Spells: 1/7 levels left

rFire    . . .     SeeInvis +   a - +1 dagger
rCold    + + .     Faith    .   (no shield)
rNeg     + + +     Spirit   .   b - +0 robe
rPois    ∞         Reflect  .   (no helmet)
rElec    .         Harm     .   (no cloak)
rCorr    .         Rampage  .   (no gloves)
Will     .....                  (no boots)
Stlth    +++++.....             (no amulet)
HPRegen  0.00/turn              (no ring)
MPRegen  0.10/turn              (no ring)

@: bloodless
A: bloodless, fangs 3, see invisible, vampiric 2
a: Bat Form, Revivify


You were on level 3 of the Dungeon.
You visited 1 branch of the dungeon, and saw 3 of its levels.

You collected 84 gold pieces.

Inventory:

Hand Weapons
 a - a +1 dagger (weapon)
Armour
 b - a +0 robe (worn)
Scrolls
 c - a scroll of teleportation {@r4}
 e - a scroll of enchant armour {unknown}
 f - 2 scrolls of identify {@r1}
 h - a scroll of holy word {unknown}
 i - a scroll of amnesia {unknown}
 j - a scroll of enchant weapon {unknown}
Potions
 d - 4 potions of curing {@q1}
 g - a potion of brilliance {unknown}


   Skills:
 + Level 2.6 Short Blades
 - Level 2.1 Dodging
 + Level 5.6 Stealth
 - Level 2.0 Spellcasting
 + Level 5.5 Hexes


You had one spell level left.
You knew the following spells:

 Your Spells              Type           Power      Damage    Failure   Level
a - Corona                Hex            23%        N/A       1%          1
b - Ensorcelled Hibernat  Hex/Ice        22%        N/A       9%          2
c - Tukima's Dance        Hex            21%        N/A       5%          3

Your spell library contained the following spells:

 Spells                   Type           Power      Damage    Failure   Level
 Sandblast                Erth           2%         2d4       19%         1
 Confusing Touch          Hex            21%        N/A       5%          3
 Dazzling Flash           Conj/Hex       22%        N/A       17%         3
 Passwall                 Tmut/Erth      0%         N/A       26%         2
 Stone Arrow              Conj/Erth      2%         3d7       47%         3
 Petrify                  Tmut/Erth      1%         N/A       87%         4
 Lee's Rapid Deconstruct  Erth           0%         3d5*      99%         5


Dungeon Overview and Level Annotations

Branches:
Dungeon (3/15)

Altars:

Shops:
D:2 *[:[


Innate Abilities, Weirdness & Mutations

You do not regenerate when monsters are visible.
You are frail without blood (-20% HP).
You can heal yourself when you bite living creatures.
You are immune to poison.
You have razor-sharp teeth.
You have supernaturally acute eyesight. (SInv)
You are afflicted with vampirism and can become a bat while bloodless.


Message History

The orc barely misses you.
You closely miss the orc. The orc hits you with a +0 dagger.
An orc comes into view. It is wielding a +2 vampiric whip.
Okay, then.
The orc shouts!
You hit the orc but do no damage. The orc misses you.
You closely miss the orc. The orc barely misses you.
You hit the orc.
The orc is moderately wounded.
The orc closely misses you.
You hit the orc.
The orc is heavily wounded.
You closely miss the orc.
The orc is heavily wounded.
The orc hits you with a +0 dagger. The orc misses you.
The orc priest calls upon Beogh to heal the orc.
The orc's wounds heal themselves!
The orc hits you with a +0 dagger. The orc closely misses you.
You hit the orc.
The orc is heavily wounded.
The orc hits you with a +0 dagger.
You hit the orc.
The orc is almost dead.
The orc misses you.
You hit the orc.
You kill the orc!
You hit the rat but do no damage. The rat barely misses you.
You hit the rat.
You kill the rat!
Casting: Ensorcelled Hibernation (safe; 9% risk of failure)
Confirm with . or Enter, or press ? or * to list all spells.
Aiming: Ensorcelled Hibernation (safe; 9% risk of failure)
Press: ? - help, Shift-Dir - straight line, f - orc priest
Aim: an orc priest, wielding a +0 dagger and wearing a +0 leather armour (chance to affect: 42%)
The orc priest resists with some effort.
The orc priest calls down the wrath of Beogh upon you.
Beogh smites you!
Ouch! That really hurt!
You die...

#.# ###.._.. #.####### #.#
#)##...# #.#......
#.#####.##...# #.#.# #
#oo.....##...###.#.#####
###o..####...#........##
##o####........#.##... #####
#..r.........<#.##### ##...##
#######o##......#......
#.....###.....@.##.#...########
#†........########.##.###
#.>...##### #......# ####...##
########†##.#.# #.......#
#........##.#.# #.#####.#
#[######.##.#.# #.# #.#
#.##.#.# #.# #.# #......# #.#
#.# ####.###


You could see an orc priest.

Vanquished Creatures
  2 adders (D:2)
  3 dart slugs (D:1)
  2 orcs (D:3)
  7 endoplasms
  2 giant cockroaches
  4 goblins
  A hobgoblin (D:3)
  3 jackals
  3 kobolds
  3 quokkas
  5 ball pythons
  5 bats
  A frilled lizard (D:1)
  3 rats
44 creatures vanquished.

Notes
Turn   | Place    | Note
-------+----------+-------------------------------------------
     0 | D:1      | freelancePsychic the Vampire Enchanter began the quest for
                  | the Orb.
     0 | D:1      | Reached XP level 1. HP: 13/13 MP: 3/3
   364 | D:1      | Reached XP level 2. HP: 7/19 MP: 5/5
   755 | D:1      | Reached skill level 5 in Stealth
   755 | D:1      | Reached skill level 5 in Hexes
  1092 | D:2      | Found Rypaig's Antique Armour Shop.
  1129 | D:2      | Gained mutation: You are afflicted with vampirism and can
                  | become a bat while bloodless. [Vampire growth]
  1129 | D:2      | Reached XP level 3. HP: 18/24 MP: 6/6
  1190 | D:2      | Learned a level 2 spell: Ensorcelled Hibernation
  1194 | D:2      | Learned a level 3 spell: Tukima's Dance
  1219 | D:2      | Found Pusk's General Store.
  1220 | D:2      | Found Liuhyoh's Antique Armour Shoppe.
  1284 | D:2      | Found Hoby's Book Boutique.
  1834 | D:3      | Found a faded altar of an unknown god.
  1941 | D:3      | Reached XP level 4. HP: 24/24 MP: 7/7
  1997 | D:3      | Killed from afar by an orc priest

Illustrated notes

Levels and vault maps discovered:
D:1:      evilmike_arrival_fibonacci_small, layout_loops_corners
D:2:      minmay_recursive_quarters, layout_rooms, serial_shops, shop,
          shop_fountains, nicolae_shop_crystal, nicolae_shop_stone,
          glass_columns_c
D:3:      layout_loops_cross, trog_wizard, hellmonk_ecumenical_altar_crossroads

Skill      XL: |  1  2 |
---------------+-------+-----
Stealth        | 5 |  5.6
Hexes          | 5 |  5.5
Short Blades   | 2 |  2.6
Dodging        | |  2.1
Spellcasting   | |  2.0

Action                   |  1- 3 |  4- 6 || total
-------------------------+-------+-------++-------
Melee: Dagger            |   137 |    13 ||   150
       Bite              |     9 |       ||     9
 Cast: Ensorcelled Hiber |     4 |     4 ||     8
       Corona            |     2 |       ||     2
 Abil: Exsanguinate      |     1 |       ||     1
  Use: Scroll            |     2 |       ||     2
 Stab: Sleeping          |    18 |     2 ||    20
       Distracted        |     1 |       ||     1
Armor: Robe              |    17 |       ||    17
Dodge: Dodged            |    50 |     8 ||    58

Table legend: (Time is in decaauts)
 A = Elapsed time spent in this place.
 B = Non-inter-level travel time spent in this place.
 C = Inter-level travel time spent in this place.
 D = Time resting spent in this place.
 E = Time spent auto-exploring this place.
 F = Levels seen in this place.
 G = Mean time per level.
                   A        B        C        D        E       F      G
               +--------+--------+--------+--------+--------+-----+--------+
         Total |   1981 |   1938 |     43 |     28 |   1554 |   3 |  660.3 |
       Dungeon |   1981 |   1938 |     43 |     28 |   1554 |   3 |  660.3 |
               +--------+--------+--------+--------+--------+-----+--------+

Top non-repeatable levels by time:
     D:1: 1083 daAuts
     D:2: 710 daAuts
     D:3: 188 daAuts
